 Dungeon Crawl Stone Soup version 0.29.0-13-gc9e81de378 (webtiles) character file.

Game seed: 7702400654774412068

35 ILmort the Skirmisher (level 3, 0/31 HPs)
             Began as a Gnoll Hunter on Sept 10, 2022.
             Succumbed to a goblin's poison
             ... on level 2 of the Dungeon.
             The game lasted 00:02:59 (1266 turns).

ILmort the Skirmisher (Gnoll Hunter)                Turns: 1266, Time: 00:03:00

Health: 0/31       AC:  4    Str: 10    XL:     3   Next: 35%
Magic:  4/4        EV: 13    Int:  8    God:
Gold:   78         SH:  0    Dex: 17    Spells: 3/3 levels left

rFire   + + .      SeeInvis .   b - +0 dagger
rCold   + . .      Faith    .   (no shield)
rNeg    . . .      Spirit   .   c - +0 leather armour
rPois   .          Reflect  .   (no helmet)
rElec   .          Harm     .   j - scarf {rC+ rF+}
rCorr   .          Rampage  .   i - +0 pair of gloves
Will    .....      Rage     3%  (no boots)
Stlth   ++........              (no amulet)
HPRegen 0.10/turn               (no ring)
MPRegen 0.09/turn               (no ring)

@: lethally poisoned (0 -> -4)
A: fangs 1, strong nose, distributed training, berserk 1, fire resistance 1
a: no special abilities


You were on level 2 of the Dungeon.
You visited 1 branch of the dungeon, and saw 2 of its levels.

You collected 78 gold pieces.

Inventory:

Hand Weapons
 a - a +0 shortbow
 b - a +0 dagger (weapon)
Missiles
 l - 9 poisoned darts
Armour
 c - a +0 leather armour (worn)
 i - a +0 pair of gloves (worn)
 j - a scarf of resistance (worn)
Scrolls
 f - 2 scrolls of immolation
 h - 2 scrolls of identify
Potions
 d - a potion of curing {unknown}
 e - 2 potions of mutation
 m - a potion of heal wounds {unknown}


   Skills:
 + Level 4.5 Fighting
 + Level 0.8 Short Blades
 + Level 0.8 Long Blades
 + Level 0.8 Axes
 + Level 0.8 Maces & Flails
 + Level 0.8 Polearms
 + Level 0.8 Staves
 + Level 8.5 Ranged Weapons
 + Level 0.8 Throwing
 + Level 0.8 Armour
 + Level 4.5 Dodging
 + Level 2.4 Stealth
 + Level 0.8 Shields
 + Level 0.8 Unarmed Combat
 + Level 0.8 Spellcasting
 + Level 0.5 Conjurations
 + Level 0.5 Hexes
 + Level 0.5 Summonings
 + Level 0.5 Necromancy
 + Level 0.5 Translocations
 + Level 0.5 Transmutations
 + Level 0.5 Fire Magic
 + Level 0.5 Ice Magic
 + Level 0.5 Air Magic
 + Level 0.5 Earth Magic
 + Level 0.5 Poison Magic
 + Level 1.0 Invocations
 + Level 0.8 Evocations


You had 3 spell levels left.
You didn't know any spells.
Your spell library contained the following spells:

 Spells                   Type           Power      Damage    Failure   Level
 Magic Dart               Conj           4%         1d3       41%         1
 Searing Ray              Conj           2%         2d4       54%         2
 Fulminant Prism          Conj/Hex       0%         3d6       99%         4


Dungeon Overview and Level Annotations

Branches:
Dungeon (2/15)

Altars:

Annotations:
D:2 Robin


Innate Abilities, Weirdness & Mutations

You have very sharp teeth.
Your uncanny sense of smell can sniff out nearby items.
Your experience applies equally to all skills.
You sometimes lose your temper in combat.
Your flesh is heat resistant. (rF+)


Message History

There is an open door here.
b - a +0 dagger (weapon)
Robin throws the goblin at you!
The goblin hits you with a +1 dagger of venom.
You are poisoned.
The goblin closely misses you.
You barely miss Robin. You bite Robin, but do no damage.
You feel very sick. Robin throws the goblin at you!
The goblin hits you but does no damage.
You are more poisoned.
The goblin hits you but does no damage. The goblin barely misses you.
You closely miss Robin.
You feel very sick. Robin misses you.
The goblin hits you but does no damage. x2
The goblin barely misses you.
You barely miss Robin.
You feel very sick. Robin completely misses you. The goblin closely misses you.
The goblin hits you but does no damage. The goblin barely misses you.
You hit Robin.
You feel very sick. Robin closely misses you. The goblin closely misses you.
The goblin hits you with a +0 dagger. The goblin closely misses you.
You barely miss Robin.
You feel sick. Robin barely misses you. The goblin misses you.
The goblin barely misses you. The goblin hits you with a +0 club.
You hit Robin but do no damage.
You feel sick. Robin hits you but does no damage.
The goblin hits you with a +0 dagger.
* * * LOW HITPOINT WARNING * * *
The goblin hits you but does no damage. The goblin hits you with a +0 club.
* * * LOW HITPOINT WARNING * * *
You hit Robin but do no damage.
You feel sick. Robin hits you with a +0 spear.
* * * LOW HITPOINT WARNING * * *
The goblin barely misses you. x2; The goblin hits you with a +0 dagger.
* * * LOW HITPOINT WARNING * * *
Really read the scroll of immolation?
Okay, then.
It was a potion of mutation.
You feel extremely strange.
You feel a little pissed off.
You feel resistant to heat.
You die...

****** ,,,,,* ##############
.....# #............# .....#
#............# .....#
#............# .....#
#####...######
.....###*########g..########*****
........,......g@g..........,,,,,
....)#***########g.)#####...*,***
<....# #...# *,,,+,* ..####
###...#####,,,*** ..##########*
#.........#,,,*
............###.........#,,,*
............+...........#,,,*
............###.........#,,,*
.#............+<........##+#*


You could see Robin and 3 goblins.

Vanquished Creatures
  An adder (D:2)
  A dart slug (D:1)
  5 bats
  4 endoplasms
  2 giant cockroaches
  4 hobgoblins
  2 ball pythons (D:1)
  2 frilled lizards (D:2)
  2 rats (D:1)
23 creatures vanquished.

Notes
Turn   | Place    | Note
-------+----------+-------------------------------------------
     0 | D:1      | ILmort the Gnoll Hunter began the quest for the Orb.
     0 | D:1      | Reached XP level 1. HP: 20/20 MP: 1/1
    96 | D:1      | Reached XP level 2. HP: 26/26 MP: 2/2
   878 | D:2      | Reached XP level 3. HP: 31/31 MP: 3/3
  1181 | D:2      | Reached skill level 1 in Invocations
  1256 | D:2      | Noticed Robin
  1265 | D:2      | HP: 1/31 [goblin/+0 dagger[Robin] (1)]
  1266 | D:2      | Gained mutation: You sometimes lose your temper in combat.
                  | [potion of mutation]
  1266 | D:2      | Gained mutation: Your flesh is heat resistant. (rF+)
                  | [potion of mutation]
  1266 | D:2      | Succumbed to a goblin's poison

Illustrated notes

Levels and vault maps discovered:
D:1:      minmay_arrival_diagonal_passages, layout_loops_ring,
          minmay_misc_feat_nine_boxes, minmay_stone_trees_small
D:2:      layout_basic, ebering_ecumenical_altar_petrified, minivault_11,
          minmay_misc_feat_tiny, minmay_between, uniq_robin

Skill      XL: |  1  2  3 |
---------------+----------+-----
Invocations    | 1 |  1.0
Fighting       | |  4.5
Short Blades   | |  0.8
Long Blades    | |  0.8
Axes           | |  0.8
Maces & Flails | |  0.8
Polearms       | |  0.8
Staves         | |  0.8
Ranged Weapons | |  8.5
Throwing       | |  0.8
Armour         | |  0.8
Dodging        | |  4.5
Stealth        | |  2.4
Shields        | |  0.8
Unarmed Combat | |  0.8
Spellcasting   | |  0.8
Conjurations   | |  0.5
Hexes          | |  0.5
Summonings     | |  0.5
Necromancy     | |  0.5
Translocations | |  0.5
Transmutations | |  0.5
Fire Magic     | |  0.5
Ice Magic      | |  0.5
Air Magic      | |  0.5
Earth Magic    | |  0.5
Poison Magic   | |  0.5
Evocations     | |  0.8

Action                   || total
-------------------------++-------
Melee: Shortbow          ||     9
       Dagger            ||     7
       Bite              ||     1
 Fire: Shortbow          ||    71
  Use: Scroll            ||     3
       Potion            ||     1
Armor: Leather armour    ||    20
Dodge: Dodged            ||    71
